 Dungeon Crawl Stone Soup version 0.31.0-9-g3a7656b989 (webtiles) character file.

Game seed: 1583823975225561017

43 qw the Shooter (level 3, -1/18 HPs)
             Began as a Spriggan Hunter on Feb 2, 2024.
             Slain by an orc
             ... wielding a +0 mace
              (2 damage)
             ... on level 3 of the Dungeon.
             The game lasted 00:00:04 (1321 turns).

qw the Shooter (Spriggan Hunter)                    Turns: 1321, Time: 00:00:04

Health: -1/18      AC:  6    Str:  7    XL:     3   Next: 37%
Magic:  4/4        EV: 19    Int: 10    God:
Gold:   90         SH:  0    Dex: 20    Spells: 2/2 levels left

rFire   . . .        a - +0 shortbow
rCold   . . .        (shield currently unavailable)
rNeg    . . .        c - +0 robe
rPois   .            (helmet restricted)
rElec   .            (no cloak)
rCorr   .            (gloves unavailable)
SInv    +            (boots unavailable)
Will    .....        (no amulet)
Stlth   ++           i - +4 ring of protection
HPRegen 0.23/turn    (no ring)
MPRegen 0.09/turn

%: no passive effects
@: very quick
A: very small, no large weapons, unfitting armour, see invisible, speed 3
a: no special abilities


You were on level 3 of the Dungeon.
You visited 1 branch of the dungeon, and saw 3 of its levels.

You collected 90 gold pieces.


Innate Abilities, Weirdness & Mutations

You are very small and have problems with some larger weapons.
You are too small for most types of armour.
You have supernaturally acute eyesight. (SInv)
You cover ground extremely quickly. (Speed+++)


   Skills:
 - Level 1.5 Fighting
 + Level 4.7 Ranged Weapons
 - Level 4.0 Dodging
 - Level 1.5 Stealth


You had 2 spell levels left.
You didn't know any spells.
Your spell library was empty.

Inventory:

Hand Weapons
 a - a +0 shortbow (weapon)
Armour
 c - a +0 robe (worn)
Jewellery
 i - a +4 ring of protection (left hand)
Potions
 d - a potion of enlightenment
 h - a potion of curing {unknown}

Dungeon Overview and Level Annotations

Branches:
Dungeon (3/15)

Altars:
Elyvilon

Shops:
D:2 [


Message History

You shoot an arrow. The arrow closely misses the orc.
The arrow hits the orc but does no damage.
The orc priest invokes the aid of Beogh against you.
Beogh smites you! The orc barely misses you.
You shoot an arrow. The arrow hits the orc.
You kill the orc!
The orc closely misses you. x2
You shoot an arrow. The arrow closely misses the orc.
The orc closely misses you. x2
You shoot an arrow. The arrow barely misses the orc.
The orc hits you but does no damage.
The orc priest calls upon Beogh to heal the orc.
The orc's wounds heal themselves!
The orc completely misses you. The orc closely misses you.
You shoot an arrow. The arrow barely misses the orc.
The orc completely misses you. The orc misses you.
You shoot an arrow. The arrow barely misses the orc priest.
The orc hits you with a +0 hand axe.
The orc priest hits you but does no damage.
The orc completely misses you.
You shoot an arrow.
The arrow completely misses the orc priest.
The orc barely misses you. x2; The orc priest misses you.
You shoot an arrow. The arrow hits the orc priest.
The orc priest is moderately wounded.
The orc priest barely misses you. The orc barely misses you.
The orc closely misses you.
You shoot an arrow. The arrow hits the orc priest.
The orc priest is moderately wounded.
The orc priest misses you. The orc completely misses you. x2
You shoot an arrow.
The arrow hits the orc priest but does no damage.
The orc priest is moderately wounded.
The orc priest hits you with a +0 hand axe.
The orc hits you with a +0 hand axe. The orc hits you with a +0 mace.
You shoot an arrow. The arrow hits the orc priest.
The orc priest is severely wounded.
The orc priest barely misses you. The orc hits you with a +0 hand axe.
The orc hits you with a +0 mace.
You die...

..... .....
#..... .... >
...# #+# ...##..
#.######
.......##......#
#.o@)...<#
#.oo###### #...#
.....# ...##...
.... .... ...
#.##. .. .. ..


You could see an orc priest and 2 orcs.

Vanquished Creatures
  An adder (D:2)
  2 dart slugs
  A ribbon worm (D:2)
  An orc (D:3)
  4 bats
  An endoplasm (D:1)
  2 giant cockroaches
  3 goblins
  A hobgoblin (D:3)
  2 kobolds (D:2)
  2 ball pythons (D:2)
  5 frilled lizards
  3 rats
28 creatures vanquished.

Notes
Turn   | Place    | Note
-------+----------+-------------------------------------------
     0 | D:1      | qw the Spriggan Hunter began the quest for the Orb.
     0 | D:1      | Reached XP level 1. HP: 10/10 MP: 2/2
     0 | D:1      | 0 ||| qw: Version: 0.3-a-155-g5e7d8dd
     0 | D:1      | 0 ||| qw: Game counter: 888
     0 | D:1      | 0 ||| qw: Melee chars always use a shield: true
     0 | D:1      | 0 ||| qw: God list: Okawaru
     0 | D:1      | 0 ||| qw: Allow faded altars: false
     0 | D:1      | 0 ||| qw: Do Orc after clearing Dungeon:15 true
     0 | D:1      | 0 ||| qw: Do second Lair branch before Depths: true
     0 | D:1      | 0 ||| qw: Lair rune preference: random
     0 | D:1      | 0 ||| qw: Goals: Normal
     0 | D:1      | 0 ||| PLANNING D:1-11
    83 | D:1      | Reached skill level 3 in Dodging
   317 | D:1      | Reached XP level 2. HP: 14/14 MP: 3/3
   661 | D:1      | 661 ||| UPGRADING to +4 ring of protection.
   662 | D:1      | 662 ||| READING scroll labelled YGISTR OSONY.
   663 | D:1      | 663 ||| READING scroll labelled MYLOIN QOLEL.
   664 | D:1      | 664 ||| READING scroll labelled GIGAICSAUZU.
   665 | D:1      | 665 ||| DRINKING 2 lumpy puce potions.
   666 | D:1      | 666 ||| DROPPING scroll of butterflies.
   724 | D:2      | Noticed a shining eye
   726 | D:2      | Found a faded altar of an unknown god.
   734 | D:2      | Noticed a golden eye
   734 | D:2      | Noticed a shining eye
   734 | D:2      | Noticed a golden eye
   757 | D:2      | Found a white marble altar of Elyvilon.
   917 | D:2      | Reached XP level 3. HP: 18/18 MP: 4/4
  1090 | D:2      | Found Zudehyj's Armour Boutique.
  1288 | D:2      | 1288 ||| READING scroll labelled OZAOBRASUG.
  1291 | D:2      | 1291 ||| READING scroll labelled KAEMEQEUBU.
  1291 | D:2      | 1291 ||| IDENTIFYING amethyst potion
  1292 | D:2      | 1292 ||| READING scroll labelled IDATUPP XAGI.
  1293 | D:2      | 1293 ||| DROPPING potion of invisibility.
  1320 | D:3      | HP: 4/18 [orc/+0 hand axe (1)]
  1321 | D:3      | HP: 1/18 [orc/+0 hand axe (1)]
  1321 | D:3      | Slain by an orc

Levels and vault maps discovered:
D:1:      dpeg_arrival_court, layout_loops_cross, serial_park_tiny_pond,
          nrook_mini_backslash
D:2:      minmay_evil_eye, layout_basic, basic_altar, serial_shops, shop,
          hellmonk_ecumenical_altar_watching_god
D:3:      layout_basic

Skill      XL: |  1  2 |
---------------+-------+-----
Dodging        | 3 4 |  4.0
Fighting       | |  1.5
Ranged Weapons | |  4.7
Stealth        | |  1.5

Action                     || total
---------------------------++-------
   Fire: Shortbow          ||    81
    Use: Scroll            ||     6
         Potion            ||     1
 Armour: Robe              ||    12
  Dodge: Dodged            ||    40

Table legend:
 A = Non-vault XP
 B = Vault XP
 C = Vault XP percentage of total XP
 D = Non-vault monster count
 E = Vault monster count
 F = Vault count percentage of total count
                 A         B        C        D         E       F
            +---------+---------+-------+---------+---------+-------
      Total |      56 |       6 |   9.7 |      25 |       3 |  10.7
            +---------+---------+-------+---------+---------+-------
        D:1 |      15 |       0 |   0.0 |       7 |       0 |   0.0
        D:2 |      35 |       6 |  14.6 |      15 |       3 |  16.7
        D:3 |       6 |       0 |   0.0 |       3 |       0 |   0.0
            +---------+---------+-------+---------+---------+-------
